 Dungeon Crawl Stone Soup version 0.30-a0-347-gf58ed5266c (webtiles) character file.

Game seed: 5515964941855583114

172 themarg the Caller (level 5, 0/35 HPs)
             Began as a Merfolk Summoner on Nov 6, 2022.
             Slain by Prince Ribbit (7 damage)
             ... on level 6 of the Dungeon.
             The game lasted 00:12:36 (3173 turns).

themarg the Caller (Merfolk Summoner)               Turns: 3173, Time: 00:12:37

Health: 0/35       AC:  5    Str:  8    XL:     5   Next: 52%
Magic:  4/9        EV: 12    Int: 16    God:
Gold:   149        SH:  0    Dex: 15    Spells: 6/10 levels left

rFire   . . .      SeeInvis .    s - +0 trident
rCold   . . .      Faith    .    (no shield)
rNeg    . . .      Spirit   .    a - +0 robe
rPois   .          Reflect  .    (no helmet)
rElec   .          Harm     .    (no cloak)
rCorr   .          Rampage  .    g - +2 pair of gloves
Will    .....                    (no boots)
Stlth   ++........               (no amulet)
HPRegen 0.25/turn                (no ring)
MPRegen 0.11/turn                (no ring)

@: about to teleport
A: (nimble swimmer 2), mertail
a: no special abilities


You were on level 6 of the Dungeon.
You visited 1 branch of the dungeon, and saw 5 of its levels.

You collected 214 gold pieces.
You spent 65 gold pieces at shops.

Inventory:

Hand Weapons
 j - a +2 short sword of speed
 p - a +0 short sword of venom
 s - a +0 trident (weapon)
Missiles
 d - 40 stones
 n - 2 boomerangs
 o - 6 poisoned darts
Armour
 a - a +0 robe (worn)
 g - a +2 pair of gloves (worn)
Scrolls
 e - a scroll of noise
 m - a scroll of enchant weapon {unknown}
 r - a scroll of poison {unknown}
 x - a scroll of blinking {unknown}
Potions
 b - 2 potions of magic
 c - 2 potions of heal wounds
 f - a potion of mutation
 i - a potion of berserk rage
 k - 2 potions of attraction
 l - a potion of haste
 q - a potion of cancellation {unknown}
 t - a potion of lignification {unknown}
 u - 2 potions of curing
 v - a potion of flight {unknown}


   Skills:
 - Level 2.6 Dodging
 - Level 3.0 Stealth
 - Level 3.0 Spellcasting
 + Level 0.4 Hexes
 * Level 5.8 Summonings


You had 6 spell levels left.
You knew the following spells:

 Your Spells              Type           Power      Damage    Failure   Level
a - Summon Small Mammal   Summ           80%        N/A       1%          1
b - Call Canine Familiar  Summ           20%        N/A       5%          3

Your spell library contained the following spells:

 Spells                   Type           Power      Damage    Failure   Level
 Call Imp                 Summ           20%        N/A       2%          2
 Slow                     Hex            12%        N/A       16%         1
 Summon Guardian Golem    Hex/Summ       12%        N/A       16%         3
 Kiss of Death            Conj/Necr      8%         2d6       19%         1
 Confusing Touch          Hex            3%         N/A       43%         3
 Summon Lightning Spire   Summ/Air       11%        N/A       50%         4
 Dispel Undead            Necr           2%         3d7       88%         4


Dungeon Overview and Level Annotations

Branches:
Dungeon (4/15)
 Temple: D:4-7

Altars:

Shops:
D:2 !

Annotations:
D:6 Prince Ribbit


Innate Abilities, Weirdness & Mutations

((You are very nimble when in or above water. (Stealth+, EV+, Speed+++)))
Your lower body shifts to a powerful aquatic tail in water.


Message History

Prince Ribbit gives a loud, deep croak!
Prince Ribbit blinks!
Casting: Call Canine Familiar (dangerous; 5% risk of failure)
Confirm with . or Enter, or press ? or * to list all spells.
Prince Ribbit blinks!
Your hound closely misses Prince Ribbit.
You miss Prince Ribbit. Prince Ribbit closely misses you.
Your hound closely misses Prince Ribbit.
Prince Ribbit misses you.
You hit Prince Ribbit.
Prince Ribbit is lightly wounded.
Your hound closely misses Prince Ribbit. x2
Prince Ribbit hits you.
You puncture Prince Ribbit!
Prince Ribbit is moderately wounded.
Your hound misses Prince Ribbit.
Prince Ribbit blinks!
Reach: s) +0 trident
Press: ? - help, Dir - move target, f - Prince Ribbit
Aim: Prince Ribbit (moderately wounded, ally target, about 69% to evade your +0 trident)
You reach to attack!
You closely miss Prince Ribbit.
Prince Ribbit is moderately wounded.
Prince Ribbit hits your hound!
Your hound completely misses Prince Ribbit.
Prince Ribbit hits your hound!
Your hound dies!
Your hound's corpse disappears in a puff of smoke!
Casting: Call Canine Familiar (dangerous; 5% risk of failure)
Confirm with . or Enter, or press ? or * to list all spells.
You miss Prince Ribbit.
Prince Ribbit is moderately wounded.
Prince Ribbit hits you! x2
* * * LOW HITPOINT WARNING * * *
Your hound closely misses Prince Ribbit.
As you read the scroll of teleportation, it crumbles to dust.
You feel strangely unstable. Prince Ribbit barely misses you.
Your hound barely misses Prince Ribbit.
Prince Ribbit hits you.
* * * LOW HITPOINT WARNING * * *
Your hound completely misses Prince Ribbit.
Prince Ribbit hits you!
You die...

#.# #.# #..
.# #.# .#
#.#..# #.#..#
# #.#..#.##
#####........
#...@.h..####
#.###F##.# #.
#.# .# #.
##.## #
#.##...#.#
#...)....#
#..#...###
#..##.##
#..##.#####


You could see Prince Ribbit (ally target) and a friendly hound (summoned).

Vanquished Creatures
  An orc wizard (D:3)
  An adder (D:3)
  An orc (D:3)
  3 bats (D:1)
  An endoplasm (D:1)
  3 hobgoblins
  A jackal (D:4)
  2 kobolds
  A quokka (D:2)
  2 frilled lizards (D:3)
  6 goblins
  4 rats
26 creatures vanquished.

Vanquished Creatures (collateral kills)
  Jessica (D:3)
  2 adders
  A worm (D:3)
  2 dart slugs (D:3)
  7 orcs (D:3)
  3 ball pythons (D:2)
  2 endoplasms
  3 giant cockroaches
  2 goblins
  5 hobgoblins
  4 jackals
  3 quokkas
  2 bats (D:2)
  2 frilled lizards
  3 kobolds
  9 rats
51 creatures vanquished.

Vanquished Creatures (others)
  5 plants (D:3)
5 creatures vanquished.

Grand Total: 82 creatures vanquished

Notes
Turn   | Place    | Note
-------+----------+-------------------------------------------
     0 | D:1      | themarg the Merfolk Summoner began the quest for the Orb.
     0 | D:1      | Reached XP level 1. HP: 13/13 MP: 3/3
   216 | D:1      | Reached XP level 2. HP: 19/19 MP: 1/5
   904 | D:2      | Reached XP level 3. HP: 24/24 MP: 3/6
   937 | D:2      | Learned a level 3 spell: Call Canine Familiar
   952 | D:2      | Found Gocw's Distillery.
   958 | D:2      | Bought a potion of heal wounds for 65 gold pieces
  1888 | D:3      | Reached XP level 4. HP: 30/30 MP: 2/8
  1903 | D:3      | Reached skill level 5 in Summonings
  2504 | D:3      | Reached XP level 5. HP: 35/35 MP: 6/9
  2583 | D:3      | Noticed Jessica
  2590 | D:3      | Killed Jessica
  2601 | D:3      | Got Jessica's Parchment of Beguiling
  3149 | D:4      | You fall into a shaft and drop 2 floors!
  3162 | D:6      | Noticed Prince Ribbit
  3173 | D:6      | Slain by Prince Ribbit

Illustrated notes

Levels and vault maps discovered:
D:1:      ncdulo_lavacross, layout_basic
D:2:      minmay_spotlight, layout_basic, serial_shops, shop,
          minmay_rat_gold_closets
D:3:      wad_lake_hut, layout_basic, kennysheep_jessica_study
D:4:      layout_rooms, general_overflow_altar, sigmund_edmund_badplayer
D:6:      layout_loops_ring, minmay_temple_entry_grid, corexii_shack,
          uniq_prince_ribbit1

Skill      XL: |  1  2  3  4 |
---------------+-------------+-----
Stealth        | 3 |  3.0
Summonings     | 5 |  5.8
Spellcasting   | 3 |  3.0
Dodging        | |  2.6
Hexes          | |  0.4

Action                   |  1- 3 |  4- 6 || total
-------------------------+-------+-------++-------
Melee: Dagger            |    25 |       ||    25
       Unarmed           |     2 |       ||     2
       Short sword       |    33 |    24 ||    57
       Punch             |       |     3 ||     3
       Trident           |       |    29 ||    29
       Tailslap          |       |     1 ||     1
 Cast: Summon Small Mamm |    48 |    14 ||    62
       Call Canine Famil |     2 |     8 ||    10
  Use: Scroll            |     8 |     3 ||    11
 Stab: Sleeping          |     1 |     2 ||     3
Armor: Robe              |     9 |     8 ||    17
Dodge: Dodged            |    45 |    29 ||    74

Table legend: (Time is in decaauts)
 A = Elapsed time spent in this place.
 B = Non-inter-level travel time spent in this place.
 C = Inter-level travel time spent in this place.
 D = Time resting spent in this place.
 E = Time spent auto-exploring this place.
 F = Levels seen in this place.
 G = Mean time per level.
                   A        B        C        D        E       F      G
               +--------+--------+--------+--------+--------+-----+--------+
         Total |   3108 |   2975 |    133 |    694 |   1672 |   5 |  621.6 |
       Dungeon |   3108 |   2975 |    133 |    694 |   1672 |   5 |  621.6 |
               +--------+--------+--------+--------+--------+-----+--------+

Top non-repeatable levels by time:
     D:2: 1126 daAuts
     D:3: 1116 daAuts
     D:1: 731 daAuts
     D:4: 109 daAuts
     D:6: 25 daAuts
